General information
- name: BNet
- type: Ladder team game (AT/RT)
- host: Battle.net
- saver: Seikilos
map: FullScaleAssault
- players: 8
- length: 29:02
- speed: Fast
- version: 1.26 W3XP
- replay type: Public
» download(199 KB)
Players
team 1 (loser)
Chrome_ (
green | 26 APM | 745 actions | 29:01)
5 Death Knight
3 Death Coil
2 Unholy Aura
5 Lich
3 Frost Nova
2 Dark Ritual
» actions
| Build / train | 54 | |
| Enter build submenu | 26 | |
| Enter hero's abilities submenu | 10 | |
| Give item / drop item | 2 | |
| Right click | 349 | |
| Select / deselect | 219 | |
| Use ability | 85 | |
745 total
» units
| Acolyte | 7 | |
| Ghoul | 10 | |
| Frost Wyrm | 2 | |
| Goblin Shredder | 3 | |
| Goblin Sapper | 5 | |
27 total
» upgrades
| Creature Attack | 3 | |
| Creature Carapace | 3 | |
| Freezing Breath | 1 | |
7 total
» buildings
| Crypt | 2 | |
| Ziggurat | 10 | |
| Altar of Darkness | 1 | |
| Halls of the Dead | 1 | |
| Graveyard | 1 | |
| Tomb of Relics | 1 | |
| Black Citadel | 1 | |
| Sacrificial Pit | 1 | |
| Boneyard | 5 | |
23 total
» build order
00:39 Crypt
00:45 Crypt
01:11 Ziggurat
01:13 Ziggurat
01:31 Altar of Darkness
02:24 Ziggurat
05:39 Halls of the Dead
06:08 Graveyard
06:36 Ziggurat
06:38 Ziggurat
07:02 Ziggurat
07:04 Ziggurat
07:06 Ziggurat
07:08 Ziggurat
07:11 Ziggurat
07:13 Tomb of Relics
08:30 Black Citadel
08:39 Sacrificial Pit
10:58 Boneyard
11:03 Boneyard
11:05 Boneyard
11:07 Boneyard
11:09 Boneyard
» items
| Orb of Corruption | 2 | |
| Scroll of Town Portal | 1 | |
| Potion of Healing | 2 | |
| Boots of Speed | 1 | |
6 total

»
Sure.AQQijjfe (
teal | 140 APM | 4064 actions | 29:01)
6 Demon Hunter
3 Mana Burn
2 Evasion
1 Metamorphosis
5 Naga Sea Witch
2 Frost Arrows
3 Forked Lightning
3 Priestess of the Moon
2 Trueshot Aura
1 Searing Arrows
» actions
| Assign group hotkey | 25 | |
| Basic commands | 285 | |
| Build / train | 106 | |
| ESC pressed | 1 | |
| Enter build submenu | 22 | |
| Enter hero's abilities submenu | 15 | |
| Give item / drop item | 9 | |
| Right click | 1272 | |
| Select / deselect | 439 | |
| Select group hotkey | 1782 | |
| Use ability | 107 | |
4064 total
» units
| Wisp | 20 | |
| Archer | 4 | |
| Hippogryph | 11 | |
| Chimaera | 3 | |
| Goblin Zeppelin | 1 | |
39 total
» upgrades
| Strength of the Wild | 3 | |
| Reinforced Hides | 4 | |
| Ultravision | 1 | |
| Improved Bows | 1 | |
| Corrosive Breath | 1 | |
10 total
» buildings
| Altar of Elders | 1 | |
| Moon Well | 9 | |
| Ancient of War | 1 | |
| Tree of Ages | 1 | |
| Hunter's Hall | 2 | |
| Ancient of Wonders | 1 | |
| Ancient of Wind | 2 | |
| Tree of Eternity | 2 | |
| Tree of Life | 3 | |
| Chimaera Roost | 2 | |
24 total
» build order
00:17 Altar of Elders
00:20 Moon Well
01:34 Ancient of War
01:37 Moon Well
02:46 Tree of Ages
03:31 Hunter's Hall
03:33 Hunter's Hall
03:36 Moon Well
04:31 Ancient of Wonders
05:21 Ancient of Wind
05:23 Ancient of Wind
06:35 Moon Well
07:29 Tree of Eternity
08:58 Tree of Life
09:52 Chimaera Roost
09:55 Chimaera Roost
11:35 Moon Well
11:40 Moon Well
20:09 Moon Well
20:10 Moon Well
23:56 Moon Well
27:55 Tree of Life
28:00 Tree of Life
» items
| Healing Salve | 1 | |
| Boots of Speed | 5 | |
| Potion of Lesser Invulnerability | 2 | |
| Scroll of Healing | 4 | |
| Scroll of Town Portal | 1 | |
| Anti-magic Potion | 2 | |
| Potion of Healing | 3 | |
| Orb of Venom | 1 | |
| Potion of Mana | 1 | |
| Scroll of Protection | 1 | |
21 total
VooDooBooMoo (
purple | 81 APM | 2352 actions | 29:01)
7 Blademaster
3 Wind Walk
3 Critical Strike
1 Bladestorm
» actions
| Assign group hotkey | 107 | |
| Basic commands | 126 | |
| Build / train | 71 | |
| Enter build submenu | 40 | |
| Enter hero's abilities submenu | 7 | |
| Give item / drop item | 6 | |
| Remove unit from queue | 1 | |
| Right click | 1087 | |
| Select / deselect | 313 | |
| Select group hotkey | 430 | |
| Use ability | 164 | |
2352 total
» units
| Peon | 12 | |
| Grunt | 8 | |
| Goblin Shredder | 2 | |
| Goblin Zeppelin | 1 | |
| Troll Batrider | 4 | |
| Wind Rider | 8 | |
35 total
» upgrades
| Ranged Weapons | 3 | |
| Armor | 3 | |
| Troll Regeneration | 1 | |
| Pillage | 1 | |
| Reinforced Defenses | 1 | |
| Envenomed Spears | 1 | |
| Liquid Fire | 1 | |
| Burning Oil | 1 | |
12 total
» buildings
| Orc Burrow | 7 | |
| Altar of Storms | 1 | |
| Barracks | 1 | |
| Voodoo Lounge | 1 | |
| Stronghold | 2 | |
| War Mill | 2 | |
| Great Hall | 2 | |
| Beastiary | 6 | |
| Watch Tower | 40 | |
| Fortress | 1 | |
63 total
» build order
00:15 Orc Burrow
00:50 Altar of Storms
00:53 Barracks
01:21 Orc Burrow
01:41 Voodoo Lounge
02:54 Stronghold
02:54 Stronghold
04:42 War Mill
04:54 Great Hall
05:15 Orc Burrow
06:42 Beastiary
06:44 Beastiary
06:49 Orc Burrow
07:19 Orc Burrow
07:21 Orc Burrow
09:50 Great Hall
09:53 Watch Tower
09:53 Watch Tower
09:54 Watch Tower
09:54 Watch Tower
09:55 Watch Tower
09:55 Watch Tower
09:56 Watch Tower
09:56 Watch Tower
09:57 Watch Tower
10:32 Fortress
10:46 War Mill
11:47 Beastiary
11:54 Beastiary
11:56 Beastiary
11:57 Beastiary
21:08 Watch Tower
21:09 Watch Tower
21:10 Watch Tower
21:11 Watch Tower
21:11 Watch Tower
21:12 Watch Tower
21:13 Watch Tower
21:13 Watch Tower
21:14 Watch Tower
21:14 Watch Tower
21:15 Watch Tower
21:15 Watch Tower
21:15 Watch Tower
21:17 Watch Tower
21:18 Watch Tower
21:22 Watch Tower
21:23 Watch Tower
21:23 Watch Tower
21:24 Watch Tower
21:25 Watch Tower
21:25 Watch Tower
21:26 Watch Tower
21:27 Watch Tower
22:13 Watch Tower
22:13 Watch Tower
22:13 Watch Tower
22:14 Watch Tower
22:15 Watch Tower
22:16 Watch Tower
22:16 Watch Tower
22:17 Watch Tower
24:36 Orc Burrow
» items
| Healing Salve | 3 | |
| Boots of Speed | 1 | |
| Potion of Healing | 1 | |
| Potion of Mana | 1 | |
| Scroll of Town Portal | 3 | |
| Staff of Teleportation | 1 | |
| Periapt of Vitality | 1 | |
| Orb of Lightning | 1 | |
12 total

»
Russianboy (
pink | 27 APM | 797 actions | 29:01)
5 Death Knight
1 Unholy Aura
1 Death Pact
3 Death Coil
» actions
| Basic commands | 1 | |
| Build / train | 59 | |
| Enter build submenu | 21 | |
| Enter hero's abilities submenu | 6 | |
| Remove unit from queue | 1 | |
| Right click | 425 | |
| Select / deselect | 248 | |
| Use ability | 36 | |
797 total
» units
| Acolyte | 19 | |
| Ghoul | 4 | |
| Crypt Fiend | 6 | |
| Gargoyle | 3 | |
| Frost Wyrm | 7 | |
39 total
» upgrades
| Web | 1 | |
| Creature Attack | 3 | |
| Creature Carapace | 2 | |
| Stone Form | 1 | |
| Freezing Breath | 1 | |
8 total
» buildings
| Altar of Darkness | 1 | |
| Crypt | 1 | |
| Ziggurat | 11 | |
| Graveyard | 1 | |
| Tomb of Relics | 1 | |
| Halls of the Dead | 1 | |
| Spirit Tower | 3 | |
| Black Citadel | 1 | |
| Sacrificial Pit | 1 | |
| Necropolis | 1 | |
| Boneyard | 3 | |
25 total
» build order
00:07 Altar of Darkness
00:09 Crypt
00:12 Ziggurat
00:56 Graveyard
01:16 Ziggurat
01:59 Tomb of Relics
02:32 Ziggurat
03:06 Halls of the Dead
04:17 Spirit Tower
04:38 Ziggurat
05:11 Spirit Tower
05:43 Black Citadel
08:44 Sacrificial Pit
08:59 Necropolis
09:37 Ziggurat
09:41 Ziggurat
10:36 Spirit Tower
11:22 Boneyard
11:27 Boneyard
11:38 Boneyard
15:49 Ziggurat
15:51 Ziggurat
15:53 Ziggurat
22:42 Ziggurat
22:46 Ziggurat
team 2 (winner)

»
BrunoBop (
blue | 60 APM | 1182 actions | 19:36)
4 Death Knight
2 Death Coil
1 Unholy Aura
1 Death Pact
2 Crypt Lord
1 Impale
1 Spiked Carapace
» actions
| Assign group hotkey | 17 | |
| Build / train | 69 | |
| Enter build submenu | 20 | |
| Enter hero's abilities submenu | 6 | |
| Right click | 446 | |
| Select / deselect | 182 | |
| Select group hotkey | 374 | |
| Use ability | 68 | |
1182 total
» units
| Acolyte | 21 | |
| Ghoul | 6 | |
| Crypt Fiend | 4 | |
| Frost Wyrm | 7 | |
38 total
» upgrades
| Web | 1 | |
| Creature Attack | 4 | |
| Creature Carapace | 2 | |
7 total
» buildings
| Graveyard | 1 | |
| Crypt | 1 | |
| Ziggurat | 8 | |
| Altar of Darkness | 1 | |
| Tomb of Relics | 2 | |
| Nerubian Tower | 2 | |
| Halls of the Dead | 1 | |
| Necropolis | 1 | |
| Black Citadel | 1 | |
| Sacrificial Pit | 1 | |
| Boneyard | 2 | |
| Slaughterhouse | 1 | |
22 total
» build order
00:30 Graveyard
00:35 Crypt
00:41 Ziggurat
01:07 Altar of Darkness
01:35 Tomb of Relics
02:24 Ziggurat
02:47 Nerubian Tower
03:51 Halls of the Dead
05:35 Ziggurat
06:06 Ziggurat
06:11 Necropolis
06:41 Black Citadel
08:03 Ziggurat
08:23 Ziggurat
09:00 Sacrificial Pit
09:50 Boneyard
10:26 Boneyard
11:29 Slaughterhouse
15:13 Ziggurat
15:58 Tomb of Relics
16:15 Nerubian Tower
16:52 Ziggurat
» items
| Rod of Necromancy | 2 | |
| Sacrificial Skull | 1 | |
| Orb of Corruption | 1 | |
| Potion of Healing | 1 | |
| Dust of Appearance | 2 | |
| Scroll of Town Portal | 1 | |
8 total

»
eroox (
yellow | 35 APM | 1018 actions | 29:01)
5 Warden
3 Shadow Strike
2 Fan of Knives
» actions
| Assign group hotkey | 20 | |
| Build / train | 69 | |
| Enter build submenu | 35 | |
| Enter hero's abilities submenu | 5 | |
| Give item / drop item | 6 | |
| Remove unit from queue | 4 | |
| Right click | 258 | |
| Select / deselect | 301 | |
| Select group hotkey | 264 | |
| Use ability | 56 | |
1018 total
» units
| Wisp | 16 | |
| Archer | 7 | |
| Dryad | 9 | |
| Druid of the Claw | 4 | |
| Mountain Giant | 2 | |
| Crypt Fiend | 8 | |
46 total
» upgrades
| Strength of the Moon | 0 | |
| Strength of the Wild | 2 | |
| Reinforced Hides | 3 | |
| Abolish Magic | 1 | |
| Druid of the Claw Training | 2 | |
| Hardened Skin | 1 | |
| Mark of the Claw | 1 | |
| Resistant Skin | 1 | |
11 total
» buildings
| Altar of Elders | 1 | |
| Moon Well | 8 | |
| Ancient of War | 1 | |
| Hunter's Hall | 1 | |
| Ancient of Wonders | 1 | |
| Tree of Ages | 1 | |
| Ancient of Lore | 3 | |
| Tree of Eternity | 1 | |
| Tree of Life | 1 | |
| Ancient Protector | 1 | |
| Ziggurat | 13 | |
32 total
» build order
00:08 Altar of Elders
00:12 Moon Well
00:39 Ancient of War
01:28 Moon Well
02:36 Hunter's Hall
03:52 Ancient of Wonders
03:55 Moon Well
04:06 Tree of Ages
05:23 Moon Well
06:32 Ancient of Lore
06:34 Ancient of Lore
06:55 Ancient of Lore
07:00 Moon Well
08:16 Tree of Eternity
08:24 Moon Well
09:39 Tree of Life
13:45 Moon Well
16:16 Moon Well
20:28 Ancient Protector
22:07 Ziggurat
22:09 Ziggurat
22:12 Ziggurat
22:15 Ziggurat
22:18 Ziggurat
22:21 Ziggurat
22:23 Ziggurat
22:26 Ziggurat
22:31 Ziggurat
22:34 Ziggurat
22:37 Ziggurat
22:43 Ziggurat
22:46 Ziggurat
» items
Seikilos (
red | 93 APM | 2710 actions | 29:02)
8 Archmage
2 Summon Water Elemental
3 Brilliance Aura
2 Blizzard
1 Mass Teleport
» actions
| Assign group hotkey | 50 | |
| Basic commands | 54 | |
| Build / train | 183 | |
| ESC pressed | 3 | |
| Enter build submenu | 67 | |
| Enter hero's abilities submenu | 8 | |
| Give item / drop item | 4 | |
| Right click | 1053 | |
| Select / deselect | 461 | |
| Select group hotkey | 558 | |
| Use ability | 269 | |
2710 total
» units
| Peasant | 32 | |
| Footman | 15 | |
| Goblin Shredder | 3 | |
| Goblin Zeppelin | 3 | |
| Dragonhawk Rider | 10 | |
63 total
» upgrades
| Masonry | 4 | |
| Defend | 1 | |
| Swords | 3 | |
| Lumber Harvesting | 2 | |
| Armor | 3 | |
| Storm Hammers | 1 | |
| Cloud | 1 | |
| Animal War Training | 1 | |
| Magic Sentry | 1 | |
| Sorceress Training | 2 | |
19 total
» buildings
| Altar of Kings | 1 | |
| Barracks | 1 | |
| Farm | 9 | |
| Arcane Vault | 2 | |
| Town Hall | 3 | |
| Keep | 2 | |
| Blacksmith | 1 | |
| Lumber Mill | 2 | |
| Scout Tower | 38 | |
| Castle | 5 | |
| Guard Tower | 34 | |
| Arcane Tower | 6 | |
| Gryphon Aviary | 7 | |
| Arcane Sanctum | 1 | |
112 total
» build order
00:03 Altar of Kings
00:11 Barracks
00:13 Farm
01:06 Farm
01:43 Arcane Vault
02:09 Farm
04:06 Town Hall
04:31 Farm
05:44 Keep
09:01 Blacksmith
09:20 Lumber Mill
09:45 Farm
10:01 Scout Tower
10:02 Scout Tower
10:05 Scout Tower
10:20 Town Hall
10:22 Scout Tower
10:23 Scout Tower
10:25 Scout Tower
10:30 Scout Tower
10:33 Scout Tower
10:36 Scout Tower
10:39 Scout Tower
10:47 Castle
10:47 Castle
10:52 Scout Tower
10:54 Scout Tower
10:55 Scout Tower
11:20 Guard Tower
11:20 Guard Tower
11:22 Guard Tower
11:22 Guard Tower
11:22 Guard Tower
11:23 Guard Tower
11:26 Guard Tower
11:27 Guard Tower
11:27 Guard Tower
11:33 Scout Tower
11:36 Scout Tower
11:38 Scout Tower
12:19 Arcane Tower
12:20 Arcane Tower
12:21 Guard Tower
12:21 Guard Tower
12:56 Gryphon Aviary
13:00 Gryphon Aviary
13:02 Gryphon Aviary
13:04 Gryphon Aviary
13:06 Gryphon Aviary
15:01 Scout Tower
15:01 Scout Tower
15:03 Scout Tower
15:04 Scout Tower
15:05 Scout Tower
15:34 Guard Tower
15:34 Guard Tower
15:36 Arcane Tower
15:36 Arcane Tower
15:57 Arcane Sanctum
16:00 Scout Tower
16:02 Scout Tower
16:05 Scout Tower
16:16 Guard Tower
16:17 Guard Tower
16:45 Guard Tower
16:45 Guard Tower
16:45 Guard Tower
18:56 Scout Tower
18:57 Scout Tower
19:09 Farm
19:09 Farm
19:10 Farm
19:10 Farm
19:34 Guard Tower
20:06 Scout Tower
20:07 Scout Tower
20:09 Keep
21:19 Scout Tower
21:21 Scout Tower
21:23 Scout Tower
21:26 Scout Tower
21:32 Scout Tower
21:52 Guard Tower
21:52 Guard Tower
22:00 Guard Tower
22:00 Guard Tower
22:16 Guard Tower
22:37 Arcane Vault
22:45 Castle
22:45 Castle
22:49 Gryphon Aviary
22:50 Gryphon Aviary
23:54 Town Hall
24:00 Scout Tower
24:01 Scout Tower
24:02 Scout Tower
24:51 Lumber Mill
25:29 Scout Tower
25:31 Scout Tower
» items
| Scroll of Regeneration | 5 | |
| Scroll of Town Portal | 6 | |
| Staff of Teleportation | 1 | |
| Boots of Speed | 1 | |
| Periapt of Vitality | 1 | |
| Potion of Healing | 4 | |
| Tome of Retraining | 1 | |
| Potion of Lesser Invulnerability | 1 | |
| Mechanical Critter | 1 | |
21 total

»
Sunny_Montana (
orange | 26 APM | 162 actions | 06:12)
2 Paladin
1 Holy Light
1 Devotion Aura
» actions
| Basic commands | 15 | |
| Build / train | 17 | |
| Enter build submenu | 9 | |
| Enter hero's abilities submenu | 2 | |
| Right click | 53 | |
| Select / deselect | 56 | |
| Use ability | 10 | |
162 total
» units
» buildings
| Altar of Kings | 1 | |
| Barracks | 1 | |
| Farm | 4 | |
| Lumber Mill | 1 | |
| Keep | 1 | |
| Town Hall | 1 | |
9 total
» build order
00:09 Altar of Kings
00:17 Barracks
00:26 Farm
01:07 Farm
01:22 Lumber Mill
03:41 Keep
03:49 Farm
04:04 Farm
06:06 Town Hall
Chat log
(00:35 / All) Seikilos: lagging trash
(00:38 / All) VooDooBooMoo: this and battlegrounds are the best maps in the pool
(00:42 / All) VooDooBooMoo: I also like cherryville
(00:48 / All) VooDooBooMoo: and the swampy map with the dragons
(00:50 / All) Seikilos: battlegrounds is good, this map sucks. every game is exactly the same like Slalom
(00:57 / All) Seikilos: gold rush is the best imo
(01:04 / All) VooDooBooMoo: Nay sir
(01:07 / All) VooDooBooMoo: on both counts
(01:23 / All) Seikilos: market square is good but I hate all the unbuildable terrain
(01:30 / All) VooDooBooMoo: Oh yeah, that one too
(01:43 / All) Seikilos: GTFO
(01:44 / All) Chrome_: u like talk:)
(01:55 / All) Seikilos: shut the fuck up you are a shit browser
(02:13 / All) Russianboy: )))
(02:17 / All) VooDooBooMoo: Laggy Montana
(02:30 / All) VooDooBooMoo: Ba dum bum tsch
(02:43 / All) Seikilos: GET THE FUCK OUT LAGGING TRASH
(02:45 / All) Sure.AQQijjfe: 31
(02:47 / All) Russianboy: да еб твою мать
(02:52 / All) VooDooBooMoo: Can we ALL join hands and slay orange TOGETHER?
(03:07 / All) Seikilos: nobody has cyrillic font installed, russian
(03:15 / Allies) Sunny_Montana: wf
(03:20 / Allies) Seikilos: leave fag
(03:36 / All) Russianboy: red i bad spaek english
(03:36 / Allies) Sunny_Montana: fuck you kiddy
(03:42 / All) Seikilos: lvl 1 harass
(03:44 / All) Seikilos: wtf is this
(03:47 / All) Seikilos: do you knwo what map this is?
(04:07 / All) Russianboy: sorry i not understand
(04:18 / Allies) Seikilos: OUT
(04:20 / All) VooDooBooMoo: worst game of my life
(04:39 / Allies) Seikilos: gtfo
(04:43 / Allies) Seikilos: my green camp
(04:44 / Allies) Seikilos: faggot
(04:45 / Allies) Seikilos: leave
(04:47 / All) Sure.AQQijjfe: eh
(05:08 / Allies) Seikilos: leave trash
(05:11 / All) VooDooBooMoo: Sunny is the biggest cocksucker to ever play this game
(05:17 / Allies) Sunny_Montana: bitch
(05:17 / Allies) BrunoBop: who get
(05:17 / Allies) Sunny_Montana: bitxch
(05:37 / All) Seikilos: militia tped him
(05:40 / Allies) Seikilos: time for you to leave
(05:44 / All) Sure.AQQijjfe: end
(05:47 / All) Russianboy: aaaaaaaaaaa
(06:12 / All) Seikilos: omfg
(06:42 / Allies) Seikilos: this is my expo
(06:57 / All) VooDooBooMoo: someone should write teh ballad of laggy montana
(08:10 / Allies) BrunoBop: dont give expo
(08:37 / Allies) BrunoBop: shit
(08:42 / Allies) BrunoBop: red
(08:50 / Allies) BrunoBop: wht u doing
(08:53 / Allies) Seikilos: stop whining
(09:23 / Allies) BrunoBop: lumber?
(10:06 / Allies) BrunoBop: where expo
(10:11 / Allies) Seikilos: taking island first
(10:12 / Allies) Seikilos: then that
(10:35 / Allies) BrunoBop: we lost
(10:42 / Allies) Seikilos: then leave faggot
(10:44 / Allies) BrunoBop: u have 2 k
(10:59 / Allies) Seikilos: then leave and quit bitching
(11:00 / Allies) BrunoBop: no 2 hero?
(12:39 / Allies) BrunoBop: use gold
(12:46 / Allies) Seikilos: shut the fuck up
(13:50 / All) Chrome_: we win!!!!
(13:55 / All) Chrome_: i hope :)
(15:52 / Allies) eroox: red gold plz
(16:10 / Allies) BrunoBop: 6 k red
(16:12 / Allies) BrunoBop: come on
(17:02 / Allies) eroox: red units?
(17:39 / Allies) eroox: red gold omg
(17:42 / Allies) Seikilos: solo creeped
(17:43 / Allies) Seikilos: 1 am
(17:44 / Allies) eroox: you have 7600
(17:49 / Allies) Seikilos: i don't have much
(17:54 / Allies) eroox: use
(19:01 / Allies) Seikilos: omw
(19:20 / Allies) eroox: red noob
(24:58 / Allies) eroox: 200 gold plz for tp
(25:14 / Allies) eroox: ty